 Dungeon Crawl Stone Soup version 0.27-a0-906-g0a00ce863d (webtiles) character file.

Game seed: 8411826044719262496

27 Lanoc the Ducker (level 2, -1/19 HPs)
             Began as a Deep Elf Chaos Knight on Apr 6, 2021.
             Was a Plaything of Xom.
             Slain by a goblin
             ... wielding a +0 club
             ... led by Robin
              (4 damage)
             ... on level 2 of the Dungeon.
             The game lasted 00:01:45 (1324 turns).

Lanoc the Ducker (Deep Elf Chaos Knight)            Turns: 1324, Time: 00:01:45

Health: -1/19      AC:  5    Str:  9    XL:     2   Next: 93%
Magic:  4/4        EV: 12    Int: 16    God:    Xom [..*...]
Gold:   12         SH:  0    Dex: 14    Spells: 1/1 levels left

rFire    . . .     SeeInvis .   a - +0 short sword (chaos)
rCold    . . .     Faith    .   (no shield)
rNeg     . . .     Spirit   .   b - +2 leather armour
rPois    .         Reflect  .   (no helmet)
rElec    .         Harm     .   (no cloak)
rCorr    +         Rampage  .   (no gloves)
Will     .....                  (no boots)
Stlth    +.........             (no amulet)
HPRegen  0.06/turn              i - ring of resist corrosion
MPRegen  0.09/turn              (no ring)

@: no status effects
A: no striking features
a: Renounce Religion


You were on level 2 of the Dungeon.
You worshipped Xom.
You were a toy of Xom.
You visited 1 branch of the dungeon, and saw 2 of its levels.

You collected 38 gold pieces.
You spent 26 gold pieces at shops.

Inventory:

Hand Weapons
 a - a +0 short sword of chaos (weapon)
Armour
 b - a +2 leather armour (worn)
Jewellery
 i - a ring of resist corrosion (left hand)
Scrolls
 d - a scroll of enchant weapon {unknown}
 e - a scroll of amnesia {unknown}
 g - 2 scrolls of teleportation {unknown}
Potions
 c - a potion of curing {unknown}
 f - a potion of magic {unknown}
 j - a potion of brilliance
 k - a potion of invisibility


   Skills:
 + Level 3.0 Fighting
 - Level 3.0 Short Blades
 - Level 0.7 Armour
 + Level 3.4 Dodging


You had one spell level left.
You didn't know any spells.
Your spell library was empty.

Dungeon Overview and Level Annotations

Branches:
Dungeon (2/15)

Altars:
Ashenzari

Shops:
D:1 (   D:2 *

Annotations:
D:2 Robin


Message History

"Let's try an experiment, hmmm?"
Nothing appears to happen...
Ominous!
Found a pair of boots.
You open the door.
There is an open door here.
A goblin comes into view. It is wielding a +0 dagger.
A goblin comes into view. It is wielding a +0 club.
A goblin and Robin come into view.
Robin shouts!
The goblin shouts! x2; You hear a shout!
Robin roars a battlecry!
The goblins go into a battle-frenzy!
A hobgoblin comes into view.
You hear a shout! 2 goblins come into view.
The goblin shouts! x2; You hear a shout!
A goblin comes into view. It is wielding a +0 dagger.
Robin throws the goblin at you!
A hobgoblin comes into view.
The goblin shouts!
You hit the goblin but do no damage. You drain the goblin.
The goblin is heavily wounded.
The goblin hits you but does no damage. Robin throws the goblin at you!
The goblin hits you but does no damage.
You closely miss the goblin.
The goblin is heavily wounded.
A goblin comes into view. It is wielding a +0 club.
The goblin hits you with a +0 dagger.
You hit the goblin.
You kill the goblin!
The goblin hits you with a +0 club. x2
Your Fighting skill increases to level 3!
The goblin closely misses you.
You see here a +0 dagger.
Robin throws the goblin at you! The goblin barely misses you.
There is an open door here.
The goblin hits you with a +0 club.
* * * LOW HITPOINT WARNING * * *
The goblin hits you with a +0 club.
You die... "I guess I need a new plaything now."

#.############# ....#### #.#
##### #......# #.# ...# #......#
#.# ###.###.## #......# #.#
#......... #......##
#.######.###.## #.......# #....#
#.....#
#.......###########....#######.#
........+_....gg@......>.......#
###.....#......##.#.##.........##
###............##.#.....##.......
..)))........g.#..####.........##
.#.#....#.##'###..# #...#.##..##
.#.#....#.##g###..####...#.##....
.#.#....#.##..##....##...#.##..##
.#.#....#.###)##.........#.##....
.#.###.##..##g##.........#.##..[#


You could see 2 goblins.

Vanquished Creatures
  A dart slug (D:1)
  4 endoplasms (D:1)
  A giant cockroach (D:1)
  4 goblins
  2 hobgoblins (D:1)
  2 ball pythons
  A bat (D:2)
  4 kobolds
  4 rats (D:1)
23 creatures vanquished.

Notes
Turn   | Place    | Note
-------+----------+-------------------------------------------
     0 | D:1      | Lanoc the Deep Elf Chaos Knight began the quest for the
                  | Orb.
     0 | D:1      | Reached XP level 1. HP: 13/13 MP: 3/3
    11 | D:1      | Found Nulual's Weapon Shoppe.
   153 | D:1      | XOM: silly message
   314 | D:1      | XOM: cast spell 'Summon Ice Beast'
   337 | D:1      | Reached XP level 2. HP: 18/18 MP: 4/4
   370 | D:1      | XOM: 1-stop teleportation journey
   600 | D:1      | XOM: 3-stop teleportation journey
   950 | D:2      | Found a broken altar of Ashenzari.
   959 | D:2      | Found a faded altar of an unknown god.
  1131 | D:2      | Found Inizos's General Store.
  1147 | D:2      | Bought a scroll of identify for 26 gold pieces
  1173 | D:2      | XOM: silly message
  1240 | D:2      | XOM: silly message
  1311 | D:2      | Noticed Robin
  1324 | D:2      | Slain by a goblin

Illustrated notes

Levels and vault maps discovered:
D:1:      dpeg_arrival_rooms_b, layout_basic, serial_shops, nicolae_shop_crystal
D:2:      layout_basic, basic_ecumenical_altar, basic_altar, serial_shops, shop,
          uniq_robin

Skill      XL: |  1  2 |
---------------+-------+-----
Dodging        | 3 |  3.4
Fighting       | 3 |  3.0
Short Blades   | |  3.0
Armour         | |  0.7

Action                   || total
-------------------------++-------
Melee: Short sword       ||    67
  Use: Scroll            ||     2
 Stab: Sleeping          ||     1
Armor: Leather armour    ||    18
Dodge: Dodged            ||    38

Table legend: (Time is in decaauts)
 A = Elapsed time spent in this place.
 B = Non-inter-level travel time spent in this place.
 C = Inter-level travel time spent in this place.
 D = Time resting spent in this place.
 E = Time spent auto-exploring this place.
 F = Levels seen in this place.
 G = Mean time per level.
                   A        B        C        D        E       F      G
               +--------+--------+--------+--------+--------+-----+--------+
         Total |   1320 |   1310 |     10 |     14 |   1118 |   2 |  660.0 |
       Dungeon |   1320 |   1310 |     10 |     14 |   1118 |   2 |  660.0 |
               +--------+--------+--------+--------+--------+-----+--------+

Top non-repeatable levels by time:
     D:1: 947 daAuts
     D:2: 372 daAuts
